 Dungeon Crawl Stone Soup version 0.28.0-45-g0d030f2227 (webtiles) character file.

Game seed: 10676595514428618230

48 Cykl0x the Magician (level 3, -1/25 HPs)
             Began as a Gnoll Hedge Wizard on Mar 31, 2022.
             Slain by Robin
             ... wielding a +0 dagger
              (3 damage)
             ... on level 2 of the Dungeon.
             The game lasted 00:01:26 (1203 turns).

Cykl0x the Magician (Gnoll Hedge Wizard)            Turns: 1203, Time: 00:01:26

Health: -1/25      AC:  2    Str: 11    XL:     3   Next: 72%
Magic:  1/11       EV: 13    Int: 13    God:
Gold:   20         SH:  0    Dex: 11    Spells: 13/16 levels left

rFire   . . .      SeeInvis .   d - staff of conjuration
rCold   . . .      Faith    .   (no shield)
rNeg    . . .      Spirit   .   b - +0 robe
rPois   .          Reflect  .   c - +0 hat
rElec   .          Harm     .   (no cloak)
rCorr   .          Rampage  .   (no gloves)
Will    .....                   (no boots)
Stlth   ++........              (no amulet)
HPRegen 0.08/turn               (no ring)
MPRegen 0.12/turn               (no ring)

@: no status effects
A: fangs 1, strong nose, distributed training
a: no special abilities


You were on level 2 of the Dungeon.
You visited 1 branch of the dungeon, and saw 2 of its levels.

You collected 20 gold pieces.

Inventory:

Hand Weapons
 a - a +0 dagger
Armour
 b - a +0 robe (worn)
 c - a +0 hat (worn)
Magical Staves
 d - a staff of conjuration (weapon)


   Skills:
 + Level 0.9 Fighting
 + Level 0.9 Short Blades
 + Level 0.9 Long Blades
 + Level 0.9 Axes
 + Level 0.9 Maces & Flails
 + Level 0.9 Polearms
 + Level 0.9 Staves
 + Level 0.9 Slings
 + Level 0.9 Bows
 + Level 0.9 Crossbows
 + Level 0.9 Throwing
 + Level 0.9 Armour
 + Level 4.5 Dodging
 + Level 4.2 Stealth
 + Level 0.9 Shields
 + Level 0.9 Unarmed Combat
 + Level 7.1 Spellcasting
 + Level 2.1 Conjurations
 + Level 0.6 Hexes
 + Level 2.1 Summonings
 + Level 0.6 Necromancy
 + Level 2.1 Translocations
 + Level 0.6 Transmutations
 + Level 0.6 Fire Magic
 + Level 0.6 Ice Magic
 + Level 0.6 Air Magic
 + Level 0.6 Earth Magic
 + Level 0.6 Poison Magic
 + Level 1.0 Invocations
 + Level 0.9 Evocations


You had 13 spell levels left.
You knew the following spells:

 Your Spells              Type           Power      Damage    Failure   Level
a - Magic Dart            Conj           60%        1d6       6%          1
b - Call Imp              Summ           10%        N/A       10%         2

Your spell library contained the following spells:

 Spells                   Type           Power      Damage    Failure   Level
 Blink                    Tloc           20%        N/A       10%         2
 Slow                     Hex            24%        N/A       12%         1
 Conjure Flame            Conj/Fire      12%        6-21      26%         3
 Mephitic Cloud           Conj/Pois/Air  11%        N/A       28%         3


Dungeon Overview and Level Annotations

Branches:
Dungeon (2/15)

Altars:

Annotations:
D:2 Robin


Innate Abilities, Weirdness & Mutations

You have very sharp teeth.
Your uncanny sense of smell can sniff out nearby items.
Your experience applies equally to all skills.


Message History

You are too depleted to draw on your mana recklessly!
You are too depleted to draw on your mana recklessly!
You are too depleted to draw on your mana recklessly!
You are too depleted to draw on your mana recklessly!
Robin roars a battlecry!
The goblin goes into a battle-frenzy!
You hear a shout!
A hobgoblin comes into view.
The hobgoblin shouts!
Robin throws the goblin at you!
The hobgoblin moves out of view.
A hobgoblin comes into view.
The hobgoblin shouts!
A goblin comes into view. It is wielding a +0 club.
Robin throws the goblin at you!
You feel a surge of power!
The magic dart hits the goblin.
The goblin is moderately wounded.
The goblin completely misses you. The goblin barely misses you.
Robin says, "My goblins will feast on your bones."
You hit the goblin but do no damage. You bite the goblin.
The goblin is heavily wounded.
A hobgoblin comes into view.
The goblin hits you with a +0 dagger. The goblin hits you with a +0 club.
Robin hits you with a +0 dagger.
You hit the goblin.
You kill the goblin!
The goblin misses you. Robin closely misses you.
The goblin hits you with a +0 dagger.
You see here a +0 club.
The goblin hits you with a +0 dagger.
* * * LOW HITPOINT WARNING * * *
Robin throws the goblin at you!
* * * LOW HITPOINT WARNING * * *
You hit the goblin.
The goblin is heavily wounded.
The goblin misses you. The goblin hits you with a +0 dagger.
* * * LOW HITPOINT WARNING * * *
You closely miss the goblin. You bite the goblin.
You kill the goblin!
Robin hits you with a +0 dagger.
You die...

#### #... #.## #####.#
#...#.# #.#.#.#
###################.....##
...gg)ggg@)...............
#...####.........####....<
' +.........'........
#.........#########
###########.....†.#
#.#####.# #.# #.# #.# #..
∆ #.#######


You could see Robin, 3 hobgoblins and a goblin (strong).

Vanquished Creatures
  3 dart slugs
  2 endoplasms (D:1)
  6 goblins
  4 hobgoblins (D:2)
  4 ball pythons
  A bat (D:1)
  2 frilled lizards (D:1)
  A kobold (D:2)
  2 rats
25 creatures vanquished.

Vanquished Creatures (collateral kills)
  An adder (D:2)
  A worm (D:2)
  A dart slug (D:2)
  A hobgoblin (D:2)
4 creatures vanquished.

Grand Total: 29 creatures vanquished

Notes
Turn   | Place    | Note
-------+----------+-------------------------------------------
     0 | D:1      | Cykl0x the Gnoll Hedge Wizard began the quest for the Orb.
     0 | D:1      | Reached XP level 1. HP: 13/13 MP: 8/8
   233 | D:1      | Reached XP level 2. HP: 19/19 MP: 7/10
   236 | D:1      | Learned a level 2 spell: Call Imp
   417 | D:1      | You fall into a shaft and drop 1 floor!
   645 | D:2      | Reached XP level 3. HP: 25/25 MP: 7/11
  1047 | D:2      | Reached skill level 1 in Invocations
  1192 | D:2      | Noticed Robin
  1203 | D:2      | Slain by Robin

Illustrated notes

Levels and vault maps discovered:
D:1:      kennysheep_arrival_seaside, layout_basic, columned_hall_lemuel
D:2:      layout_basic, minmay_hedge_maze, uniq_robin, uniq_jessica

Skill      XL: |  1  2  3 |
---------------+----------+-----
Conjurations   | 2 |  2.1
Summonings     | 2 |  2.1
Translocations | 2 |  2.1
Invocations    | 1 |  1.0
Fighting       | |  0.9
Short Blades   | |  0.9
Long Blades    | |  0.9
Axes           | |  0.9
Maces & Flails | |  0.9
Polearms       | |  0.9
Staves         | |  0.9
Slings         | |  0.9
Bows           | |  0.9
Crossbows      | |  0.9
Throwing       | |  0.9
Armour         | |  0.9
Dodging        | |  4.5
Stealth        | |  4.2
Shields        | |  0.9
Unarmed Combat | |  0.9
Spellcasting   | |  7.1
Hexes          | |  0.6
Necromancy     | |  0.6
Transmutations | |  0.6
Fire Magic     | |  0.6
Ice Magic      | |  0.6
Air Magic      | |  0.6
Earth Magic    | |  0.6
Poison Magic   | |  0.6
Evocations     | |  0.9

Action                   || total
-------------------------++-------
Melee: Staff             ||    15
       Bite              ||     6
 Cast: Magic Dart        ||    67
       Call Imp          ||     4
Armor: Robe              ||     4
Dodge: Dodged            ||    15
